groovejumper, chaotic female human Monk $ -------------- $ |............| ----------- -------------- |............| |.[*.....)| |............| #.............| |..).)..*.| |............| $ #|`...........| |..[......| |.............## $ $ #|......>.....| |.....(...| |............| # #-------------- )@@.[...**[.| |>............############### # % ----------- -------------- # # # ### ### # # # * # -----# $ # $ ####### ### |.._|# # ##---.---- # |....# ### # |......| ##+...|##########0# ### |......| -----# --.-|-- # |......| $$ $ # |...<.-######-`.....| $$ |...{.| -------- $ ------- groovejumper the Initiate Experience level: 6 Strength: 14 Dexterity: 15 Constitution: 13 Intelligence: 10 Wisdom: 18 Charisma: 10 Health: 0(55) Energy: 42(47) AC: 3 Gold: 0 Moves: 7369 Your Inventory: Amulets k - an uncursed circular amulet [of ESP] o - an uncursed octagonal amulet [of reflection] U - a [cursed] square amulet [of restful sleep] Weapons A - 6 uncursed [+0] silver arrows of detonation K - an uncursed rustproof [+0] broadsword named Luck Blade [Luck Blade] Armor a - an uncursed +2 pair of leather gloves (being worn) b - an uncursed +1 robe (being worn) v - a cursed [-1] pair of mud boots [fumble] G - an uncursed +0 orcish helm (being worn) Comestibles g - 2 [uncursed] food rations m - an uncursed tripe ration Q - an [uncursed] carrot Scrolls d - an uncursed scroll of destroy armor h - an [uncursed] scroll labeled VE FORBRYDERNE [of enchant weapon] j - a [cursed] scroll labeled AQUE BRAGH [of magic mapping] n - an uncursed scroll of food detection q - an [uncursed] scroll labeled ZLORFIK [of light] x - an [uncursed] scroll labeled MAPIRO MAHAMA DIROMAT [of flood] F - an uncursed scroll of scare monster I - an [uncursed] scroll labeled MAPIRO MAHAMA DIROMAT [of flood] L - an uncursed scroll of create monster M - a [cursed] scroll labeled MAPIRO MAHAMA DIROMAT [of flood] N - a [blessed] scroll labeled XIXAXA XOXAXA XUXAXA [of remove curse] T - a [cursed] scroll labeled ZLORFIK [of light] X - a [cursed] scroll labeled XIXAXA XOXAXA XUXAXA [of remove curse] Spellbooks c - a blessed spellbook of sleep p - an [uncursed] spellbook of detect food Potions e - 2 blessed potions of healing f - an uncursed potion of healing s - an [uncursed] potion of oil y - an [uncursed] clear potion [of water] C - a cursed potion of object detection D - an uncursed potion of oil S - an [uncursed] potion of healing Wands E - an uncursed titanium wand [of undead turning (0:5)] Tools i - an [uncursed] stethoscope u - an [uncursed] pair of lenses (being worn) w - an [uncursed] magic whistle Gems H - an uncursed green gem [jade] J - 2 [uncursed] red gems [jasper] Spells known in the end: Name Level Category Fail Memory a - sleep 1 enchantment 0% [||||||..] b - detect food 2 divination 7% [||||||||] Your skills at the end: Fighting Skills martial arts [Basic / Grand Master] Weapon Skills Spellcasting Skills healing spells [Basic / Expert] Final Attributes: You were piously aligned. Hunger level was 722. Your alignment was 46 / 46. Monster difficulty range was 0 - 4. Level difficulty was 3. You were immune to sleep. You were immune to poison. You saw invisible. You were telepathic. You were invisible to others. You were stealthy. You were very fast. You were lucky (3). You had extra luck. Bad luck did not time out for you. Good luck did not time out for you. You are dead. Vanquished creatures: a housecat 2 shriekers a gnome lord 2 gray oozes 3 floating eyes a rothe 2 iguanas 3 acid blobs a coyote 2 hobbits 4 manes 2 giant rats 2 cave spiders 2 yellow molds a red mold 3 Keystone Kops a gnome zombie 10 geckos 17 jackals 5 foxes 3 goblins a sewer rat 12 grid bugs a bat 14 lichens 4 kobold zombies 18 newts 118 creatures vanquished. Voluntary challenges: You pretended to be a vegetarian. You never hit with a wielded weapon. You read items or engraved 7 times. You put on armor 3 times. You never genocided any monsters. You never polymorphed an object. You never changed form. You used no wishes. You wrote Elbereth's name 1 time. You never encountered a bones level. You never used any Sokoban shortcuts. Dungeon overview: The Dungeons of Doom: levels 1 to 4 Level 1 an altar to Huan Ti, a fountain a long staircase Level 2 a fountain Level 3 <- You were here a general store, an altar, a fountain a long staircase History has recorded: On T:1 you entered the Dungeons of Doom to retrieve the Amulet of Yendor! On T:528 you advanced to experience level 2. On T:1343 you advanced to experience level 3. On T:1440 you received Luck Blade from Huan Ti. On T:1916 you advanced to experience level 4. On T:4022 you advanced to experience level 5. On T:6608 you advanced to experience level 6. On T:6661 you received 6 silver arrows of detonation from Huan Ti. On T:6711 you reached level 2 of The Dungeons of Doom. On T:6992 you reached level 3 of The Dungeons of Doom. On T:7079 you reached level 4 of The Dungeons of Doom. Latest messages: [HP-20=18] As you kick the door, it crashes open! Aklavik zaps a wand of striking! The wand misses you. "groovejumper! Don't you leave without paying!" You escaped the shop without paying! You stole 5816 zorkmids worth of merchandise. An alarm sounds! The Keystone Kops appear! Aklavik zaps a wand of striking! The wand hits the Keystone Kop! The Keystone Kop is killed! What a mess! The wand misses you. The wand hits the Keystone Kop! The Keystone Kop is killed! You kill the Keystone Kop! Aklavik zaps a wand of striking! The wand hits you! You die... Aklavik takes all your possessions. Final status: Punardarsanaya groovejumper the Monk... You died in The Dungeons of Doom on dungeon level 3 with 1508 points, and 0 pieces of gold, after 7369 moves. You were level 6 with a maximum of 55 hit points when you died.